 Dungeon Crawl Stone Soup version 0.16.2-12-gd0ad4c3 (webtiles) character file.

307 Peloso the Covered (level 6, 0/52 HPs)
             Began as a Minotaur Fighter on Sept 26, 2015.
             Slain by droidenko's ghost (6 damage)
             ... on level 4 of the Dungeon.
             The game lasted 00:09:05 (2539 turns).

Peloso the Covered (Minotaur Fighter)               Turns: 2539, Time: 00:09:05

Health: 0/52       AC: 10    Str: 21    XL:     6   Next: 16%
Magic:  3/3        EV:  9    Int:  5    God:
Gold:   71         SH: 10    Dex: 11    Spells: 0 memorised, 5 levels left

rFire  . . .     SeeInvis .     a - +0 long sword
rCold  . . .     Clarity  .     b - +0 scale mail
rNeg   . . .     SustAb   .     c - +0 shield
rPois  .         Gourm    .     (helmet restricted)
rElec  .         Spirit   .     p - +0 cloak
rCorr  .         Warding  .     o - +0 pair of gloves
rMut   .         Stasis   .     (no boots)
MR     .....                    (no amulet)
Stlth  ..........               (no ring)
                                g - ring of flight

@: not resistant to hostile enchantments, extremely unstealthy
A: retaliatory headbutt, horns 2
a: Evoke Flight


You were on level 4 of the Dungeon.
You were hungry.

You visited 1 branch of the dungeon, and saw 4 of its levels.

You collected 71 gold pieces.

Inventory:

Hand weapons
 a - a +0 long sword (weapon)
Armour
 b - a +0 scale mail (worn)
 c - a +0 shield (worn)
 o - a +0 pair of gloves (worn)
 p - a +0 cloak (worn)
Jewellery
 g - a ring of flight (left hand)
Scrolls
 f - 2 scrolls of remove curse {unknown}
 h - a scroll of fear {unknown}
 j - a scroll of identify {unknown}
 k - a scroll of enchant armour {unknown}
Potions
 e - a potion of might
 l - 2 potions of heal wounds {unknown}
 m - 2 potions of curing {unknown}
Comestibles
 d - 2 bread rations


   Skills:
 + Level 4.3 Fighting
 + Level 3.3 Long Blades
 + Level 5.5 Armour
 + Level 2.5 Dodging
 + Level 0.5 Stealth
 + Level 5.4 Shields


You had 5 spell levels left.
You didn't know any spells.

Dungeon Overview and Level Annotations

Branches:
Dungeon (4/15)
 Temple: D:4-7

Altars:
Nemelex Xobeh
Ru

Annotations:
D:4 droidenko's ghost, experienced HOFi


Innate Abilities, Weirdness & Mutations

You reflexively headbutt those who attack you in melee.
You have a pair of horns on your head.


Message History

You closely miss droidenko's ghost. Your headbutt misses droidenko's ghost.
Droidenko's ghost is moderately damaged.
Droidenko's ghost hits you. x2
The goblin hits you but does no damage.
You hit droidenko's ghost but do no damage.
Your headbutt misses droidenko's ghost.
Droidenko's ghost is moderately damaged.
Droidenko's ghost barely misses you. You block the goblin's attack.
You barely miss droidenko's ghost. Your headbutt misses droidenko's ghost.
Droidenko's ghost is moderately damaged.
Droidenko's ghost hits you! You block the goblin's attack.
You block droidenko's ghost's attack. The goblin barely misses you.
You slash droidenko's ghost! You headbutt droidenko's ghost.
Droidenko's ghost is heavily damaged.
You block the goblin's attack. Droidenko's ghost hits you!
* * * LOW HITPOINT WARNING * * *
The goblin barely misses you. You furiously retaliate!
You headbutt the goblin, but do no damage.
Droidenko's ghost hits you.
You die...

.# ...# ...#
# . ...#.##
... ...#.
...#
...#...#
##.(....##
#W@......#
#.g..#......
#<....## ...
.......#. #
....... #
...... ..##.
# ##


You could see droidenko's ghost and a goblin.

Vanquished Creatures
  The ghost of CcS the Firebug, an average DgFE (D:3)
  A scorpion (D:3)
  A hound (D:3)
  An orc wizard (D:3)
  4 adders
  A worm (D:2)
  2 oozes
  6 orcs (D:3)
  A ball python (D:1)
  10 bats
  3 giant cockroaches
  5 goblins
  8 hobgoblins
  2 quokkas
  9 jackals
  11 kobolds
  8 rats
74 creatures vanquished.

Notes
Turn   | Place    | Note
--------------------------------------------------------------
     0 | D:1      | Peloso, the Minotaur Fighter, began the quest for the Orb.
     0 | D:1      | Reached XP level 1. HP: 19/19 MP: 1/1
   110 | D:1      | Reached skill level 4 in Shields
   125 | D:1      | Reached XP level 2. HP: 27/27 MP: 1/1
   656 | D:2      | Reached XP level 3. HP: 24/33 MP: 2/2
   874 | D:2      | Reached skill level 1 in Dodging
   919 | D:2      | Found a sparkling altar of Nemelex Xobeh.
  1084 | D:2      | Reached XP level 4. HP: 40/40 MP: 2/2
  1374 | D:3      | Found a sacrificial altar of Ru.
  1490 | D:3      | Reached skill level 5 in Armour
  1694 | D:3      | Reached skill level 5 in Shields
  1694 | D:3      | Reached XP level 5. HP: 42/46 MP: 2/2
  1962 | D:3      | Noticed CcS's ghost (average DgFE)
  1973 | D:3      | Killed CcS's ghost
  2179 | D:4      | Noticed droidenko's ghost (experienced HOFi)
  2183 | D:3      | Reached XP level 6. HP: 28/52 MP: 3/3
  2218 | D:3      | HP: 2/52 [poisoned by a scorpion]
  2226 | D:3      | HP: 2/52 [poisoned by a scorpion]
  2539 | D:4      | Slain by droidenko's ghost

Action                   |  1- 3 |  4- 6 || total
-------------------------+-------+-------++-------
Melee: Long sword        |    98 |   126 ||   224
 Stab: Invisible         |       |     1 ||     1
  Eat: Chunk             |       |     3 ||     3
       Royal jelly       |       |     1 ||     1
